 Dungeon Crawl Stone Soup version 0.29.1-12-g30fa7ad0bf (webtiles) character file.

Game seed: 16142345637017788914

102 hawla the Chiller (level 5, -1/57 HPs)
             Began as a Meteoran Ice Elementalist on Dec 15, 2022.
             Slain by a centaur zombie (4 damage)
             ... on level 3 of the Dungeon.
             The game lasted 00:06:01 (650 turns).

hawla the Chiller (Meteoran Ice Elementalist)        Turns: 650, Time: 00:06:02

Health: -1/57      AC:  2    Str:  9    XL:     5   Next: 27%
Magic:  10/10      EV: 13    Int: 18    God:
Gold:   66         SH:  0    Dex: 15    Spells: 2/10 levels left

rFire   . . .      SeeInvis .   g - +0 dagger
rCold   . . .      Faith    .   (no shield)
rNeg    . . .      Spirit   .   a - +0 robe
rPois   .          Reflect  .   (no helmet)
rElec   .          Harm     .   (no cloak)
rCorr   .          Rampage  .   (no gloves)
Will    .....                   (no boots)
Stlth   ..........              (no amulet)
HPRegen 0.19/turn               (no ring)
MPRegen 0.12/turn               (no ring)

@: berserking, glowing, very quick
A: sense surroundings 1, otherworldly, glowing, explore regen
a: no special abilities


You were on level 3 of the Dungeon.
You visited 1 branch of the dungeon, and saw 3 of its levels.

You collected 66 gold pieces.

Inventory:

Hand Weapons
 g - a +0 dagger (weapon)
Armour
 a - a +0 robe (worn)
Wands
 c - a wand of mindburst (11) (quivered)
Potions
 b - 2 potions of magic


   Skills:
 - Level 0.1 Fighting
 * Level 1.3 Short Blades
 + Level 3.5 Dodging
 - Level 1.4 Stealth
 - Level 3.1 Spellcasting
 + Level 1.0 Conjurations
 - Level 5.4 Ice Magic


You had 2 spell levels left.
You knew the following spells:

 Your Spells              Type           Power      Damage    Failure   Level
a - Freeze                Ice            88%        1d10      1%          1
b - Frozen Ramparts       Ice            44%        1d7       5%          3
c - Hailstorm             Conj/Ice       14%        3d5       38%         4

Your spell library contained the following spells:

 Spells                   Type           Power      Damage    Failure   Level
 Ozocubu's Armour         Ice            22%        N/A       5%          3


Dungeon Overview and Level Annotations

Branches:
Dungeon (3/15) Zot: 1150

Altars:


Innate Abilities, Weirdness & Mutations

You passively map a small area around you.
You are easily found by Zot.
You glow in the dark.
You regain HP and MP as you explore.


Message History

The scorpion zombie barely misses you.
You barely miss the scorpion zombie.
The scorpion zombie is lightly damaged.
The scorpion zombie hits you.
You hit the scorpion zombie but do no damage.
The scorpion zombie is lightly damaged.
You hit the scorpion zombie but do no damage.
The scorpion zombie is lightly damaged.
The scorpion zombie hits you.
The centaur zombie attacks as you move away!
The centaur zombie hits you. The centaur zombie closely misses you.
The scorpion zombie attacks as you move away!
The scorpion zombie hits you.
The scorpion zombie attacks as you move away!
The scorpion zombie hits you.
As you read the scroll labelled LUOLEO MISES, it crumbles to dust.
You assume a fearsome visage.
The centaur zombie is unaffected.
The scorpion zombie is unaffected.
It was a scroll of fear.
The centaur zombie hits you.
* * * LOW HITPOINT WARNING * * *
The centaur zombie kicks you.
* * * LOW HITPOINT WARNING * * *
The scorpion zombie splashes around in the water.
The centaur zombie hits you.
* * * LOW HITPOINT WARNING * * *
The centaur zombie barely misses you.
The centaur zombie attacks as you move away!
The centaur zombie hits you.
* * * LOW HITPOINT WARNING * * *
The centaur zombie closely misses you.
The centaur zombie attacks as you move away!
The centaur zombie barely misses you. The centaur zombie kicks you.
* * * LOW HITPOINT WARNING * * *
The centaur zombie hits you.
* * * LOW HITPOINT WARNING * * *
The centaur zombie kicks you but does no damage.
It was a potion of berserk rage.
A red film seems to cover your vision as you go berserk!
You feel yourself moving faster!
You feel mighty! The centaur zombie hits you.
You die...

, #~..~~~.# ***
#..~≈~..######.
*
#..~.≈..(......
#...≈≈..# ** ,
....~~~.#
#.~.≈~~.##
#..~≈≈..Z#
#...≈≈.#Z# #
#.##≈≈##@# .# #
##≈##.####..# *
#≈#......[.# *
#######.##.## *
* ,,... #....#
* #.###.####
#.....# ###.###
#.#


You could see a scorpion zombie and a centaur zombie.

Vanquished Creatures
  Natasha (D:3)
  A hound zombie (D:3)
  A hound skeleton (D:3)
  2 adders
  A worm (D:2)
  A dart slug (D:2)
  4 bats (D:2)
  An endoplasm (D:3)
  A giant cockroach (D:3)
  3 goblins
  A hobgoblin (D:2)
  2 kobolds
  2 quokkas
  2 ball pythons
  A jackal skeleton (D:3)
  A quokka skeleton (D:3)
  A rat (D:3)
26 creatures vanquished.

Vanquished Creatures (others)
  14 withered plants (D:3)
14 creatures vanquished.

Grand Total: 40 creatures vanquished

Notes
Turn   | Place    | Note
-------+----------+-------------------------------------------
     0 | D:1      | hawla the Meteoran Ice Elementalist began the quest for the
                  | Orb.
     0 | D:1      | Reached XP level 1. HP: 14/14 MP: 5/5
    25 | D:3      | Reached XP level 2. HP: 17/20 MP: 1/6
    56 | D:3      | Noticed Natasha
    57 | D:3      | Found the +4 dagger "Morg" {pain, Will+ Int+5}
    63 | D:3      | Killed Natasha
    64 | D:3      | Reached skill level 5 in Ice Magic
    64 | D:3      | Reached XP level 3. HP: 9/26 MP: 2/8
    90 | D:2      | Reached XP level 4. HP: 8/33 MP: 6/9
   114 | D:2      | Learned a level 3 spell: Frozen Ramparts
   146 | D:2      | Learned a level 4 spell: Hailstorm
   247 | D:2      | Identified the amulet "Budieps" {Faith Harm *Slow rElec
                  | rN+}
   297 | D:3      | Reached skill level 1 in Conjurations
   497 | D:3      | Reached XP level 5. HP: 29/38 MP: 10/10
   574 | D:3      | Reached skill level 1 in Short Blades
   650 | D:3      | Slain by a centaur zombie

Illustrated notes

Levels and vault maps discovered:
D:1:      dpeg_arrival_connections, layout_loops_ring, minmay_cupped
D:2:      layout_rooms, hellmonk_ecumenical_altar_inner_sanctum
D:3:      layout_loops_ring, chequers_serial_rivers_small_3,
          dilly_guarded_unrand_morg

Skill      XL: |  1  2  3  4  5 |
---------------+----------------+-----
Spellcasting   | 3 |  3.1
Ice Magic      | 5 |  5.4
Dodging        | 3 |  3.5
Conjurations   | 1 |  1.0
Short Blades   | 1 |  1.3
Fighting       | |  0.1
Stealth        | |  1.4

Action                   |  1- 3 |  4- 6 || total
-------------------------+-------+-------++-------
Melee: Dagger            |       |    60 ||    60
       Unarmed           |       |     2 ||     2
       Punch             |       |     1 ||     1
 Cast: Freeze            |    12 |    19 ||    31
       Frozen Ramparts   |       |     4 ||     4
  Use: Scroll            |       |     2 ||     2
       Potion            |       |     1 ||     1
Armor: Robe              |     6 |    22 ||    28
Dodge: Dodged            |    25 |    71 ||    96
